 Dungeon Crawl Stone Soup version 0.24.0-10-g970556be89 (webtiles) character file.

Game seed: 923908589028294247, levelgen mode: deterministic

75 Granthy the Skirmisher (level 4, -3/37 HPs)
             Began as a Demonspawn Abyssal Knight on Nov 4, 2019.
             Was a Believer of Lugonu.
             Slain by a gnoll
             ... wielding a +0 flail
              (7 damage)
             ... on level 2 of the Dungeon.
             The game lasted 00:03:51 (2112 turns).

Granthy the Skirmisher (Demonspawn Abyssal Knight)  Turns: 2112, Time: 00:03:52

Health: -3/37      AC:  5    Str: 14    XL:     4   Next: 11%
Magic:  5/5        EV: 11    Int: 13    God:    Lugonu [**....]
Gold:   98         SH:  0    Dex: 12    Spells: 3/3 levels left

rFire    . . .     SeeInvis .   a - +1 falchion
rCold    . . .     Gourm    .   (no shield)
rNeg     . . .     Faith    .   b - +0 leather armour
rPois    .         Spirit   .   (helmet restricted)
rElec    .         Reflect  .   (no cloak)
rCorr    .         Harm     .   (no gloves)
MR       .....                  (no boots)
Stlth    +.........             (no amulet)
HPRegen  0.12/turn              (no ring)
MPRegen  0.09/turn              (no ring)

@: no status effects
A: antennae 1, thin metallic scales 1, powered by death 1
a: Depart the Abyss, Bend Space, Renounce Religion


You were on level 2 of the Dungeon.
You worshipped Lugonu.
Lugonu was pleased with you.
You were very hungry.

You visited 1 branch of the dungeon, and saw 2 of its levels.
You visited the Abyss 1 time.

You collected 98 gold pieces.

Inventory:

Hand Weapons
 a - a +1 falchion (weapon)
Missiles
 e - 9 boomerangs (quivered)
Armour
 b - a +0 leather armour (worn)
 l - a +0 buckler
Scrolls
 d - 2 scrolls of enchant weapon {unknown}
 f - 4 scrolls of remove curse {unknown}
 h - a scroll of amnesia {unknown}
Potions
 g - a potion of curing {unknown}
 j - a potion of lignification {unknown}
 k - a potion of might {unknown}
Comestibles
 c - 6 rations


   Skills:
 + Level 4.1 Fighting
 + Level 3.0 Long Blades
 - Level 1.7 Armour
 - Level 0.8 Dodging
 - Level 2.4 Invocations


You had 3 spell levels left.
You didn't know any spells.
Your spell library was empty.

Dungeon Overview and Level Annotations

Branches:
Dungeon (2/15)

Altars:


Innate Abilities, Weirdness & Mutations

You have a pair of small antennae on your head.
You are partially covered in thin metallic scales. (AC +2)
You regenerate a little health from kills.


Message History

You hit the gnoll but do no damage.
The gnoll is heavily wounded.
The gnoll hits you but does no damage.
You barely miss the gnoll.
The gnoll is heavily wounded.
The gnoll hits you with a +0 flail.
* * * LOW HITPOINT WARNING * * *
You completely miss the gnoll.
The gnoll is heavily wounded.
You hit the gnoll.
The gnoll is heavily wounded.
The gnoll hits you with a +0 flail.
* * * LOW HITPOINT WARNING * * *
You are feeling very hungry.
You hit the gnoll.
The gnoll is severely wounded.
The gnoll hits you with a +0 flail.
* * * LOW HITPOINT WARNING * * *
The gnoll hits you with a +0 flail!
You die...

#.### ##.....## #.###.#####
#..## ##.......###..#..# #
##...####.........###...)#####
#.......+.........'...........
#....####.........####...#.###
#.#.## ##.....<.## ##.##.###
#.### ##.....## #....... #.#
##...## ####.### #.# ##@## #.#
#.# #g# #.# #.###########g#
#.# #..........##g###### #.#
##.###.###......g..## #.# #.#
#.# #........).# #. #.# #.#
#.....###..# #.# #.#
#..#.#........... #.# #.#
#..###.##).######


You could see 3 gnolls.

Vanquished Creatures
  A gnoll (D:2)
  2 adders (D:2)
  An ooze (D:1)
  3 dart slugs
  2 leopard geckos (D:2)
  3 giant cockroaches
  4 goblins
  5 hobgoblins
  8 kobolds
  2 bats
  5 frilled lizards
  3 rats
39 creatures vanquished.

Vanquished Creatures (others)
  A rat (D:1)
1 creature vanquished.

Grand Total: 40 creatures vanquished

Notes
Turn   | Place    | Note
-------+----------+-------------------------------------------
     0 | Abyss:1  | Granthy the Demonspawn Abyssal Knight began the quest for
                  | the Orb.
     0 | Abyss:1  | Reached XP level 1. HP: 18/18 MP: 2/2
    12 | D:1      | Escaped the Abyss
   148 | D:1      | Gained mutation: You have a pair of small antennae on your
                  | head. [demonic ancestry]
   148 | D:1      | Reached XP level 2. HP: 13/24 MP: 3/3
  1146 | D:2      | Gained mutation: You are partially covered in thin metallic
                  | scales. (AC +2) [demonic ancestry]
  1146 | D:2      | Reached XP level 3. HP: 27/30 MP: 4/4
  1334 | D:2      | Reached skill level 4 in Fighting
  1885 | D:2      | Reached ** piety under Lugonu
  2101 | D:2      | Gained mutation: You regenerate a little health from kills.
                  | [demonic ancestry]
  2101 | D:2      | Reached XP level 4. HP: 28/37 MP: 5/5
  2112 | D:2      | Slain by a gnoll

Levels and vault maps discovered:
D:1:      dpeg_arrival_rooms_b, layout_loops_ring, minivault_25,
          corexii_item_surrounded_by_moat, lemuel_flame_loot_1
D:2:      layout_loops_corners

Skill      XL: |  1  2  3 |
---------------+----------+-----
Long Blades    | 2 3 |  3.0
Fighting       | 4 |  4.1
Armour         | |  1.7
Dodging        | |  0.8
Invocations    | |  2.4

Action                   |  1- 3 |  4- 6 || total
-------------------------+-------+-------++-------
Melee: Falchion          |   141 |     9 ||   150
  Eat: Chunk             |     3 |       ||     3
Armor: Leather armour    |    45 |       ||    45
Dodge: Dodged            |    77 |     1 ||    78
       Rpst.: Falchion   |    24 |       ||    24
